 Dungeon Crawl Stone Soup version 0.20.1-1-g8b1a95d (webtiles) character file.

3052 letownia2 the Reanimator (level 9, 0/74 HPs)
             Began as a Deep Dwarf Necromancer on Nov 4, 2017.
             Was an Initiate of Gozag.
             Slain by a black bear (4 damage)
             ... on level 7 of the Dungeon.
             The game lasted 00:26:57 (7756 turns).

letownia2 the Reanimator (Deep Dwarf Necromancer)   Turns: 7756, Time: 00:26:58

Health: 0/74       AC:  9    Str: 14    XL:     9   Next: 57%
Magic:  14/18      EV:  9    Int: 17    God:    Gozag
Gold:   997        SH:  0    Dex: 13    Spells: 16/20 levels left

rFire    . . .     SeeInvis .   b - +2 hand axe (chop)
rCold    . . .     Gourm    .   (no shield)
rNeg     . . .     Faith    .   h - +0 scale mail
rPois    +         Spirit   .   A - +2 hat
rElec    .         Reflect  .   (no cloak)
rCorr    .         Harm     .   D - +0 pair of gloves
MR       +....                  (no boots)
Stlth    +.........             (no amulet)
Regen    0.0/turn               k - ring of poison resistance
MPRegen  0.2/turn               F - ring of stealth

@: non-regenerating, heavily drained
A: damage resistance, heal wounds, sense surroundings 2, no regeneration
a: Heal Wounds, Potion Petition, Call Merchant, Bribe Branch, Renounce Religion


You were on level 7 of the Dungeon.
You worshipped Gozag.
Gozag was pleased with you.
You were very hungry.

You visited 2 branches of the dungeon, and saw 9 of its levels.
You also visited: Sewer.

You collected 1101 gold pieces.
You paid 104 gold pieces to Gozag.

Inventory:

Hand Weapons
 a - a +0 whip of venom
 b - a +2 hand axe of chopping (weapon)
 c - a +0 blowgun
 g - a +0 quarterstaff of speed
 o - a +1 vampiric trident
 v - a +0 hunting sling
 I - a +1 whip of electrocution
Missiles
 j - a throwing net (quivered)
 u - 61 poisoned needles
 C - 4 curare-tipped needles
 O - 3 poisoned tomahawks
Armour
 h - a +0 scale mail (worn)
 A - a +2 hat (worn)
 D - a +0 pair of gloves (worn)
Jewellery
 k - a ring of poison resistance (left hand)
 F - a ring of stealth (right hand)
Wands
 t - a wand of random effects (8/48)
Scrolls
 d - 3 scrolls of remove curse {unknown}
 i - a scroll of identify
 q - a scroll of enchant armour {unknown}
 s - 4 scrolls of recharging
 w - 3 scrolls of enchant weapon {unknown}
 y - 2 scrolls of fog {unknown}
 G - a scroll of blinking {unknown}
 H - a scroll of fear {unknown}
 J - a scroll of noise {unknown}
 Q - a scroll of magic mapping {unknown}
 T - a scroll of amnesia {unknown}
Potions
 e - a potion of agility {unknown}
 m - 2 potions of berserk rage {unknown}
 p - 4 potions of flight {unknown}
 r - a potion of resistance
 z - a potion of lignification
 E - 2 potions of magic
 K - a potion of curing
 M - a potion of invisibility
 N - 2 potions of might {unknown}
Books
 l - a book of Necromancy

   Spells                             Type                      Level
   a - Pain                           Necromancy                   1
   b - Animate Skeleton               Necromancy                   1
   c - Vampiric Draining              Necromancy                   3
   d - Regeneration                   Charms/Necromancy            3
   e - Animate Dead                   Necromancy                   4
   f - Control Undead                 Necromancy                   4
 L - a book of Misfortune

   Spells                             Type                      Level
   a - Confusing Touch                Hexes                        1
   b - Confuse                        Hexes                        3
   c - Gell's Gravitas                Translocation                3
   d - Petrify                        Transmutation/Earth          4
   e - Metabolic Englaciation         Hexes/Ice                    5
   f - Yara's Violent Unravelling     Hexes/Transmutation          5
Comestibles
 n - 3 bread rations
 x - 2 meat rations
 P - a royal jelly


   Skills:
 - Level 2.6(1.1) Fighting
 - Level 4.4(2.9) Axes
 - Level 3.8(2.3) Armour
 - Level 2.1(0.7) Dodging
 - Level 2.4(0.9) Stealth
 + Level 6.3(4.7) Spellcasting
 - Level 10.9(9.1) Necromancy


You had 16 spell levels left.
You knew the following spells:

 Your Spells              Type           Power        Failure   Level  Hunger
a - Pain                  Necr           ####         1%          1    None
v - Vampiric Draining     Necr           ####......   4%          3    ###....


Dungeon Overview and Level Annotations

Branches:
Dungeon (8/15)             Temple (1/1) D:7
   Lair: D:8-11

Altars:
Cheibriados
Dithmenos
Elyvilon
Fedhas
Gozag
Hepliaklqana
Kikubaaqudgha
Nemelex Xobeh
Okawaru
Qazlal
Ru
Sif Muna
Trog
Uskayaw
Xom
Yredelemnul
Zin
The Shining One

Shops:
D:6 %

Annotations:
D:4 letownia2's ghost, amateur DDNe
D:7 exclusion: slave, Minstaer's ghost, novice HaSk; Pikel


Innate Abilities, Weirdness & Mutations

You are resistant to damage.
You can heal yourself by infusing magical energy.
You passively map the area around you.
You do not regenerate.


Message History

Things that are here:
a stone; a scale mail; a short sword
There is a stone staircase leading down, spattered with blood here.
You climb downwards.
Level annotation: exclusion: slave, Minstaer's ghost, novice HaSk; Pikel
There is a stone staircase leading up here.
Unknown command.
Unknown command.
The black bear growls angrily.
The slave shouts!
The slave shouts!
Casting: Vampiric Draining
Confirm with . or Enter, or press ? or * to list all spells.
Aiming: Vampiric Draining
Press: ? - help, Shift-Dir - straight line, f - black bear
Aim: a black bear The black bear is moderately wounded.
You feel life coursing into your body. The black bear bites you.
You die...
Your body crumbles into a pile of gold.

#.........# #.........#
#.........# #.........#
##.........# *** *
###..........# , ,.
####.Kp.........# *
..#######....#p#.......##
*
.........@h..p.......)..,
*#.....#..#####.#########
# #....#####.#
###........#
#####........##
#..........#.#
##..........#.############
#...........#W.##.........
#..⌠....###.......########


You could see Pikel, a black bear and 3 slaves.

Vanquished Creatures
  A wyvern (D:8)
  Menkaure (D:7)
  A black bear (D:7)
  A slave (D:6)
  3 orc warriors
  A sky beast (D:8)
  2 phantoms (D:6)
  4 ogres
  A centaur (D:6)
  A bullfrog (Sewer)
  A wyvern zombie (D:6)
  A scorpion (D:5)
  2 wights (D:8)
  A howler monkey (D:5)
  2 crimson imps
  6 hounds
  A bullfrog zombie (D:6)
  A quasit (D:5)
  5 orc priests
  14 orc wizards
  An iguana (D:7)
  Jessica (D:3)
  5 worker ants
  A killer bee zombie (D:5)
  A hound zombie (D:6)
  A hound skeleton (D:5)
  A worker ant zombie (D:5)
  14 adders
  A river rat (D:5)
  2 shadow imps
  An ooze (D:3)
  2 adder skeletons
  4 worms
  4 dart slugs
  4 leopard geckos
  31 orcs
  7 bats
  12 giant cockroaches
  8 goblins
  6 hobgoblins
  8 jackals
  7 quokkas
  5 ball pythons
  10 frilled lizards
  A jackal skeleton (D:4)
  A jackal zombie (D:6)
  39 kobolds
  A leopard gecko zombie (D:3)
  12 rats
241 creatures vanquished.

Vanquished Creatures (others)
  A kobold (D:6)
1 creature vanquished.

Grand Total: 242 creatures vanquished

Notes
Turn   | Place    | Note
-------+----------+-------------------------------------------
     0 | D:1      | letownia2 the Deep Dwarf Necromancer began the quest for the Orb.
     0 | D:1      | Reached XP level 1. HP: 15/15 MP: 3/3
   518 | D:1      | Reached XP level 2. HP: 22/22 MP: 1/5
   705 | D:2      | Reached skill level 5 in Necromancy
   984 | D:4      | Reached XP level 3. HP: 20/28 MP: 6/6
   989 | D:4      | Learned a level 3 spell: Vampiric Draining
  1073 | D:4      | Noticed an ogre
  1153 | D:4      | Noticed letownia2's ghost (amateur DDNe)
  1482 | D:4      | Noticed an ogre
  1634 | D:4      | Found an iron altar of Okawaru.
  1866 | D:4      | Noticed an ogre
  1890 | D:4      | Killed an ogre
  1890 | D:4      | Reached skill level 6 in Necromancy
  1890 | D:4      | Reached XP level 4. HP: 32/36 MP: 4/7
  2156 | D:5      | Entered Level 5 of the Dungeon
  2166 | D:5      | Reached skill level 1 in Armour
  2166 | D:5      | Reached XP level 5. HP: 27/42 MP: 8/8
  2256 | D:5      | Reached XP level 6. HP: 34/49 MP: 0/10
  2377 | D:5      | Reached skill level 1 in Fighting
  2540 | D:5      | Reached skill level 1 in Axes
  2540 | D:5      | Reached skill level 7 in Necromancy
  2626 | D:5      | Found a glowing drain.
  2631 | Sewer    | Entered a sewer
  2867 | Sewer    | Reached XP level 7. HP: 50/57 MP: 3/12
  3616 | D:6      | Reached skill level 8 in Necromancy
  3759 | D:6      | Reached skill level 9 in Necromancy
  3805 | D:6      | Found Qunamnen's Food Emporium.
  3883 | D:6      | Reached XP level 8. HP: 51/64 MP: 13/13
  4101 | D:7      | Reached skill level 10 in Necromancy
  4288 | D:7      | Found a staircase to the Ecumenical Temple.
  4323 | Temple   | Entered the Ecumenical Temple
  4332 | Temple   | Became a worshipper of Gozag Ym Sagoz the Greedy
  4343 | D:7      | Noticed Pikel
  4385 | D:7      | Noticed Minstaer's ghost (novice HaSk)
  4625 | D:3      | Found an ancient bone altar of Kikubaaqudgha.
  4710 | D:3      | Noticed Jessica
  4714 | D:3      | HP: 2/64 [Jessica/nerve-wracking pain (10)]
  4715 | D:3      | Killed Jessica
  6381 | D:3      | Gained mutation: You passively map the area around you. [Deep Dwarf growth]
  6381 | D:3      | Reached XP level 9. HP: 69/70 MP: 11/16
  6476 | D:3      | Reached skill level 5 in Spellcasting
  7422 | D:8      | Noticed a white ugly thing
  7562 | D:8      | Found a basalt altar of Yredelemnul.
  7563 | D:8      | Found a bloodstained altar of Trog.
  7584 | D:8      | HP: 1/74 [howler monkey (4)]
  7684 | D:7      | Noticed Menkaure
  7692 | D:7      | HP: 1/74 [Menkaure (15)]
  7694 | D:7      | Killed Menkaure
  7756 | D:7      | Slain by a black bear

Skill      XL: |  1  2  3  4  5  6  7  8  9 |
---------------+----------------------------+-----
Spellcasting   | 2 3 4 6 |  6.3
Necromancy     | 5 6 7 9 10 | 10.9
Armour         | 1 2 3 |  3.8
Fighting       | 1 2 |  2.6
Axes           | 1 2 3 4 |  4.4
Dodging        | |  2.1
Stealth        | |  2.4

Action                   |  1- 3 |  4- 6 |  7- 9 || total
-------------------------+-------+-------+-------++-------
Melee: Dagger            |    15 |       |       ||    15
       Whip              |     4 |    69 |     8 ||    81
       Hand axe          |       |    25 |   211 ||   236
       Trident           |       |       |   233 ||   233
Throw: Throwing net      |       |       |     1 ||     1
 Cast: Pain              |    42 |    14 |    80 ||   136
       Vampiric Draining |     8 |    17 |    87 ||   112
Evoke: Wand              |       |     1 |    17 ||    18
  Use: Scroll            |       |       |     9 ||     9
 Stab: Sleeping          |     1 |       |       ||     1
       Held in net/web   |       |       |     1 ||     1
       Paralysed         |       |       |     4 ||     4
  Eat: Chunk             |     4 |     6 |    12 ||    22
       Royal jelly       |       |       |     4 ||     4
       Meat ration       |       |       |     1 ||     1
       Fruit             |       |       |     2 ||     2
Armor: Leather armour    |    12 |    12 |       ||    24
       Ring mail         |       |    37 |    82 ||   119
       Scale mail        |       |       |   194 ||   194
Dodge: Dodged            |    26 |    94 |   305 ||   425
